 Dungeon Crawl Stone Soup version 0.27.1 (webtiles) character file.

Game seed: 942770613015002620

390 Rrauwl the Archer (level 6, -1/52 HPs)
             Began as a Deep Elf Hunter on Aug 29, 2021.
             Slain by Duvessa (3 damage)
             ... on level 5 of the Dungeon.
             The game lasted 00:14:33 (4425 turns).

Rrauwl the Archer (Deep Elf Hunter)                 Turns: 4425, Time: 00:14:33

Health: -1/52      AC: 23    Str: 13 (14) XL:     6   Next: 50%
Magic:  8/8        EV:  2    Int: 16      God:
Gold:   103        SH:  0    Dex: 14 (16) Spells: 5/5 levels left

rFire    . . .     SeeInvis .   a - +1 shortbow
rCold    . . .     Faith    .   (shield currently unavailable)
rNeg     + + +     Spirit   .   (armour currently unavailable)
rPois    +         Reflect  .   (helmet currently unavailable)
rElec    .         Harm     .   (cloak currently unavailable)
rCorr    .         Rampage  .   (gloves currently unavailable)
Will     .....     NoTele   +   (boots currently unavailable)
Stlth    ++........             (no amulet)
HPRegen  0.17/turn              j - +6 ring of strength
MPRegen  0.11/turn              (no ring)

@: tree-form
A: stationary, stasis, torment immunity, boosted hp, deterioration 1, high mp 1,
weak 1
a: no special abilities


You were on level 5 of the Dungeon.
You were a tree.
You visited 1 branch of the dungeon, and saw 5 of its levels.

You collected 103 gold pieces.

Inventory:

Hand Weapons
 a - a +1 shortbow (weapon)
 b - a +0 rapier
Missiles
 d - 44 arrows (quivered ammo)
 o - a boomerang of dispersal
Armour
 e - a +0 ring mail (melded)
 f - a +2 cloak (melded)
 m - a +1 chain mail of fire resistance
Jewellery
 j - a +6 ring of strength (left branch)
Wands
 k - a wand of iceblast (7)
Scrolls
 c - a scroll of vulnerability
 g - 2 scrolls of amnesia
 h - 2 scrolls of identify
Potions
 l - a potion of lignification


   Skills:
 - Level 2.0 Fighting
 + Level 9.2 Bows
 - Level 2.0 Armour
 - Level 3.0 Dodging
 - Level 2.0 Stealth


You had 5 spell levels left.
You didn't know any spells.
Your spell library contained the following spells:

 Spells                   Type           Power      Damage    Failure   Level
 Chain Lightning          Conj/Air       0%         N/A       100%        9
 Fire Storm               Conj/Fire      0%         5d1       100%        9


Dungeon Overview and Level Annotations

Branches:
Dungeon (5/15)
 Temple: D:4-7

Altars:
Cheibriados
Hepliaklqana
Nemelex Xobeh

Annotations:
D:5 Duvessa


Innate Abilities, Weirdness & Mutations

You are a tree.
Your roots penetrate the ground, keeping you stationary.
You cannot be teleported.
You are immune to unholy pain and torment.
Your maximum health is greatly increased.
Your equipment is partially melded.
Your body sometimes deteriorates upon taking damage.
You have an increased reservoir of magic. (+10% MP)
You are weak. (Str -2)


Message History

The scorpion stings you but does no damage.
Duvessa hits you with a +0 rapier! The scorpion closely misses you.
You climb upwards.
There is a stone staircase leading down here.
Duvessa hits you with a +0 rapier. The scorpion closely misses you.
Duvessa hits you with a +0 rapier.
* * * LOW HITPOINT WARNING * * *
You climb downwards.
There is a stone staircase leading up here.
The scorpion misses you. Duvessa closely misses you.
The scorpion stings you but does no damage.
Really quaff the potion of lignification?
You turn into a tree.
Your +2 cloak melds into your body.
Your +0 ring mail melds into your body.
Your roots penetrate the ground.
Duvessa hits you but does no damage. Duvessa hits you with a +0 rapier!
* * * LOW HITPOINT WARNING * * *
Fire: 47 arrows
Press: ? - help, Q - select action, (/) - cycle Shift-Dir - straight line, f - Duvessa
Aim: Duvessa, wielding a +0 rapier and wearing a +0 scale mail (lightly wounded, berserk, fast, 72% to hit)
You shoot an arrow.
The arrow hits Duvessa but does no damage.
Duvessa is lightly wounded.
Duvessa hits you with a +0 rapier.
* * * LOW HITPOINT WARNING * * *
Unknown command.
Fire: 46 arrows
Press: ? - help, Q - select action, (/) - cycle Shift-Dir - straight line, f/p - Duvessa
Aim: Duvessa, wielding a +0 rapier and wearing a +0 scale mail (lightly wounded, berserk, fast, 72% to hit)
You shoot an arrow. The arrow closely misses Duvessa.
Duvessa hits you with a +0 rapier.
* * * LOW HITPOINT WARNING * * *
Fire: 45 arrows
Press: ? - help, Q - select action, (/) - cycle Shift-Dir - straight line, f - scorpion, p - Duvessa
Aim: a scorpion (65% to hit)
You shoot an arrow. The arrow barely misses Duvessa.
The arrow hits the scorpion!
The scorpion is heavily wounded.
Duvessa hits you with a +0 rapier.
You die...

≈≈≈≈≈≈≈≈≈≈≈≈≈ ≈..≈.
≈....≈≈≈≈≈≈≈ ≈..≈≈
.<.......≈≈ ≈≈..≈≈
.##......$.# ≈≈..≈≈
..#........###.≈..≈≈
...#.......#..8..8.
#####.#......##..8..8.
#..#......<..#♣.......
............se........
..#...........##.....#
..............# ...###
.........#(......###
###.#.<.##......# #
###.....[...#
##.#......# #.#..#####


You could see Duvessa (berserk, fast) and a scorpion.

Vanquished Creatures
  An ogre (D:4)
  Dowan (D:4)
  A water moccasin skeleton (D:3)
  An iguana (D:4)
  Ijyb (D:3)
  6 adders
  2 worms
  4 dart slugs
  2 orcs
  5 endoplasms
  7 giant cockroaches
  17 goblins
  10 hobgoblins
  4 jackals (D:1)
  5 kobolds
  4 quokkas
  6 ball pythons
  5 bats
  3 frilled lizards
  8 rats
93 creatures vanquished.

Notes
Turn   | Place    | Note
-------+----------+-------------------------------------------
     0 | D:1      | Rrauwl the Deep Elf Hunter began the quest for the Orb.
     0 | D:1      | Reached XP level 1. HP: 12/12 MP: 3/3
    52 | D:1      | Reached XP level 2. HP: 17/17 MP: 4/4
   386 | D:1      | Reached XP level 3. HP: 21/21 MP: 5/5
   694 | D:2      | Reached skill level 6 in Bows
   713 | D:2      | Found a faded altar of an unknown god.
   764 | D:2      | Reached XP level 4. HP: 24/26 MP: 6/6
  1205 | D:2      | Reached skill level 7 in Bows
  1688 | D:3      | Reached skill level 1 in Armour
  1712 | D:3      | Reached XP level 5. HP: 21/30 MP: 7/7
  1809 | D:3      | Noticed Ijyb
  1817 | D:3      | Killed Ijyb
  2689 | D:3      | Found a hazy altar of Hepliaklqana.
  2689 | D:3      | Found a snail-covered altar of Cheibriados.
  2690 | D:3      | Found a sparkling altar of Nemelex Xobeh.
  3048 | D:4      | Noticed Duvessa
  3049 | D:4      | Gained mutation: Your body sometimes deteriorates upon
                  | taking damage. [potion of mutation]
  3049 | D:4      | Gained mutation: You have an increased reservoir of magic.
                  | (+10% MP) [potion of mutation]
  3049 | D:4      | Gained mutation: You are weak. (Str -2) [potion of
                  | mutation]
  3068 | D:4      | Noticed Dowan
  3348 | D:4      | Reached skill level 8 in Bows
  3900 | D:4      | Noticed an ogre
  3923 | D:4      | Killed an ogre
  3924 | D:4      | Reached XP level 6. HP: 19/35 MP: 8/8
  4383 | D:4      | Killed Dowan
  4384 | D:4      | Reached skill level 9 in Bows
  4396 | D:5      | Entered Level 5 of the Dungeon
  4424 | D:5      | HP: 2/52 [Duvessa (2)]
  4425 | D:5      | Slain by Duvessa

Illustrated notes

Levels and vault maps discovered:
D:1:      scummos_arrival_star, layout_rooms
D:2:      layout_basic, hellmonk_ecumenical_altar_arch_garden
D:3:      minmay_angry_zag, layout_loops_ring, gammafunk_temple_overflow_claw,
          uniq_ijyb
D:4:      layout_gridville, moated_statue, minmay_misc_feat_plants,
          minmay_ogre_servants, uniq_duvessa
D:5:      wander_river, layout_cave_pools, mainiacjoe_overflow_24_doors,
          kennysheep_windowed_goal

Skill      XL: |  1  2  3  4  5  6 |
---------------+-------------------+-----
Stealth        | 2 |  2.0
Dodging        | 3 |  3.0
Fighting       | 2 |  2.0
Bows           | 6 7 8 9 |  9.2
Armour         | 1 2 |  2.0

Action                   |  1- 3 |  4- 6 || total
-------------------------+-------+-------++-------
Melee: Short sword       |    22 |    49 ||    71
 Fire: Shortbow          |    82 |   159 ||   241
Throw: Boomerang         |       |     1 ||     1
  Use: Potion            |     1 |     6 ||     7
       Scroll            |     3 |     6 ||     9
Armor: Leather armour    |     8 |       ||     8
       Ring mail         |       |    28 ||    28
       Skin              |       |     1 ||     1
Dodge: Dodged            |    24 |    51 ||    75
